 Dungeon Crawl Stone Soup version 0.21.1-1-g345015f (webtiles) character file.

53 Monsterracer the Conjurer (level 3, -4/19 HPs)
             Began as a Tengu Venom Mage on Apr 25, 2018.
             Slain by a worm (10 damage)
             ... on level 2 of the Dungeon.
             The game lasted 00:01:49 (1294 turns).

Monsterracer the Conjurer (Tengu Venom Mage)        Turns: 1294, Time: 00:01:50

Health: -4/19      AC:  2    Str:  8    XL:     3   Next: 87%
Magic:  0/7        EV: 12    Int: 16    God:
Gold:   83         SH:  0    Dex: 14    Spells: 1/7 levels left

rFire    . . .     SeeInvis .   k - +0 short sword
rCold    . . .     Gourm    .   (no shield)
rNeg     . . .     Faith    .   a - +0 robe
rPois    .         Spirit   .   (helmet restricted)
rElec    .         Reflect  .   (no cloak)
rCorr    .         Harm     .   (no gloves)
MR       .....                  (boots unavailable)
Stlth    ++........             (no amulet)
HPRegen  0.06/turn              (no ring)
MPRegen  0.10/turn              (no ring)

@: no status effects
A: beak, talons 3
a: no special abilities


You were on level 2 of the Dungeon.
You were not hungry.

You visited 1 branch of the dungeon, and saw 2 of its levels.

You collected 83 gold pieces.

Inventory:

Hand Weapons
 k - a +0 short sword (weapon)
Armour
 a - a +0 robe (worn)
Scrolls
 f - 3 scrolls of identify {unknown}
 h - a scroll of remove curse {unknown}
 i - a scroll of magic mapping {unknown}
Potions
 d - a potion of flight {unknown}
 e - a potion of lignification {unknown}
 g - a potion of haste {unknown}
 j - a potion of heal wounds {unknown}
Books
 b - a Young Poisoner's Handbook

   Spells                             Type                      Level
   a - Sting                          Conjuration/Poison           1
   b - Poisonous Vapours              Poison/Air                   2
   c - Mephitic Cloud                 Conjuration/Poison/Air       3
   d - Olgreb's Toxic Radiance        Poison                       4
   e - Venom Bolt                     Conjuration/Poison           5
Comestibles
 c - 2 rations


   Skills:
 - Level 2.1 Dodging
 - Level 2.0 Stealth
 + Level 2.5 Spellcasting
 * Level 3.5 Conjurations
 + Level 3.4 Poison Magic


You had one spell level left.
You knew the following spells:

 Your Spells              Type           Power        Failure   Level  Hunger
a - Poisonous Vapours     Pois/Air       #.....       14%         2    ##.....
b - Sting                 Conj/Pois      ##..         4%          1    #......
c - Mephitic Cloud        Conj/Pois/Air  #.......     22%         3    ###....


Dungeon Overview and Level Annotations

Branches:
Dungeon (2/15)

Altars:


Innate Abilities, Weirdness & Mutations

You have a beak for a mouth.
You have claws for feet.


Message History

MP restored: 7 You start resting.
HP restored.
Health restored: 19 You climb downwards.
There is a stone staircase leading up here.
Casting: Sting
Confirm with . or Enter, or press ? or * to list all spells.
You can't see any susceptible monsters within range! (Use Z to cast anyway.) Unknown command.
Found an escape hatch in the ceiling.
A worm comes into view.
Casting: Sting
Confirm with . or Enter, or press ? or * to list all spells.
Aiming: Sting
Press: ? - help, Shift-Dir - straight line, f - worm
Aim: a worm (resting)
The sting hits the worm.
The worm is poisoned.
The worm is moderately wounded.
The worm moves out of view.
You now have 6/7 mp.
Casting: Sting
Confirm with . or Enter, or press ? or * to list all spells.
You can't see any susceptible monsters within range! (Use Z to cast anyway.) Unknown command.
Casting: Sting
Confirm with . or Enter, or press ? or * to list all spells.
You can't see any susceptible monsters within range! (Use Z to cast anyway.) Unknown command.
Casting: Sting
Confirm with . or Enter, or press ? or * to list all spells.
Aiming: Sting
Press: ? - help, Shift-Dir - straight line, f - worm
Aim: a worm The sting hits the worm.
The worm is lightly wounded.
You now have 5/7 mp.
Casting: Sting
Confirm with . or Enter, or press ? or * to list all spells.
Aiming: Sting
Press: ? - help, Shift-Dir - straight line, f/p - worm
Aim: a worm (lightly wounded)
The sting misses the worm.
You now have 4/7 mp.
Casting: Sting
Confirm with . or Enter, or press ? or * to list all spells.
Aiming: Sting
Press: ? - help, Shift-Dir - straight line, f/p - worm
Aim: a worm (lightly wounded)
The sting hits the worm.
The worm is lightly wounded.
You now have 3/7 mp.
Casting: Sting
Confirm with . or Enter, or press ? or * to list all spells.
Aiming: Sting
Press: ? - help, Shift-Dir - straight line, f/p - worm
Aim: a worm (lightly wounded)
The sting hits the worm.
The worm is poisoned.
The worm is moderately wounded.
You now have 2/7 mp.
Casting: Sting
Confirm with . or Enter, or press ? or * to list all spells.
Aiming: Sting
Press: ? - help, Shift-Dir - straight line, f/p - worm
Aim: a worm (moderately wounded, poisoned)
The sting hits the worm.
The worm appears unharmed.
The worm is moderately wounded.
You now have 1/7 mp.
Casting: Sting
Confirm with . or Enter, or press ? or * to list all spells.
Aiming: Sting
Press: ? - help, Shift-Dir - straight line, f/p - worm
Aim: a worm (moderately wounded, poisoned)
The sting hits the worm.
The worm looks even sicker.
The worm is moderately wounded.
You now have 0/7 mp.
Casting: Sting
Confirm with . or Enter, or press ? or * to list all spells.
You don't have enough magic to cast that spell.
The worm looks more healthy.
The worm bites you!
Ouch! That really hurt!
* * * LOW HITPOINT WARNING * * *
You take 10 damage, and have 9/19 hp.
MASSIVE DAMAGE!!
You hit the worm but do no damage. You peck the worm.
The worm is heavily wounded.
You hit the worm.
The worm is severely wounded.
The worm bites you.
* * * LOW HITPOINT WARNING * * *
You take 3 damage, and have 6/19 hp.
Casting: Sting
Confirm with . or Enter, or press ? or * to list all spells.
Aiming: Sting
Press: ? - help, Shift-Dir - straight line, f/p - worm
Aim: a worm (severely wounded, poisoned)
The sting hits the worm.
The worm looks even sicker.
The worm is severely wounded.
The worm bites you!
Ouch! That really hurt!
You die...

### .<##
#########..?#
#....w@w..#
#.#######...#
#.# #.## #<#
.# #######.#
. #..w.).(#
#. #.#######
## #.# #รท#


You could see 2 worms.

Vanquished Creatures
  Terence (D:2)
  2 dart slugs (D:1)
  A ball python (D:2)
  3 goblins (D:1)
  A hobgoblin (D:1)
  3 jackals (D:1)
  4 kobolds (D:1)
  4 bats (D:1)
  A frilled lizard (D:1)
  3 rats
23 creatures vanquished.

Notes
Turn   | Place    | Note
-------+----------+-------------------------------------------
     0 | D:1      | Monsterracer the Tengu Venom Mage began the quest for the Orb.
     0 | D:1      | Reached XP level 1. HP: 10/10 MP: 4/4
    69 | D:1      | HP: 5/10 [dart slug/slug dart (5)]
   268 | D:1      | Reached XP level 2. HP: 9/15 MP: 0/6
   384 | D:1      | Learned a level 2 spell: Poisonous Vapours
   773 | D:1      | Reached XP level 3. HP: 18/19 MP: 0/7
   778 | D:1      | Learned a level 3 spell: Mephitic Cloud
  1082 | D:2      | Noticed Terence
  1099 | D:2      | HP: 8/19 [Terence/hand axe (5)]
  1100 | D:2      | Killed Terence
  1291 | D:2      | HP: 9/19 [worm (10)]
  1294 | D:2      | Slain by a worm

Skill      XL: |  1  2  3 |
---------------+----------+-----
Conjurations   | 2 3 |  3.5
Dodging        | |  2.1
Stealth        | |  2.0
Spellcasting   | |  2.5
Poison Magic   | |  3.4

Action                   || total
-------------------------++-------
Melee: Dagger            ||     8
       Short sword       ||     7
       Kick              ||     2
       Peck              ||     4
 Cast: Sting             ||    45
       Poisonous Vapours ||     5
  Eat: Chunk             ||     2
Armor: Robe              ||     2
Dodge: Dodged            ||    12

Vault maps used:
D:1:      dpeg_arrival_arbitrary_b
D:2:      zin_purify, first_ration, uniq_sigmund, uniq_terence
